AoeStats
← scotchmalt

Four Lakes

510047978Analyzed
1v1 RM · 1d ago on Sep 29, 2026· 30m 10s· 2 players
Game mode
Random Map
Map size
Tiny (2 player)
Population
200
Speed
Normal
Resources
Standard
Victory
Conquest
Starting age
Dark Age
Ending age
Imperial Age
RankedLock teamsTeams togetherTeam positionsShared explorationLock speedFull tech treeHidden civsTurbo modeCheats
Victory
Defeat
🇮🇳 Goths · India
808
+17
🇮🇳 Magyars · India
819
-17
scotchmalt
9:34 Loom
11:19 Feudal Age
11:32 Man-at-Arms
12:38 Scale Mail Armor
22:55 Castle Age
22:28 Padded Archer Armor
22:19 Fletching
24:20 Long Swordsman
26:19 Chain Mail Armor
26:15 Forging
26:57 Squires
Surgeon Of Death
2:43 Loom
10:09 Feudal Age
12:37 Double-Bit Axe
13:14 Man-at-Arms
20:50 Arson
21:08 Scale Mail Armor
30:00 Castle Age
28:22 Bloodlines
Connection lost

Rejoining the realm…

Still unreachable

The connection could not be restored.

Session expired

The server has moved on; the page needs a fresh start.